AoeStats
← fat_dgk

Nomad

509393524Analyzed
4v4 RM · 5d ago on Sep 26, 2026· 65m 41s· 8 players
Game mode
Random Map
Map size
231×231
Population
200
Speed
Normal
Resources
Standard
Victory
Conquest
Starting age
Dark Age
Ending age
Imperial Age
RankedLock teamsTeams togetherTeam positionsShared explorationLock speedFull tech treeHidden civsTurbo modeCheats
Victory
Defeat
🇦🇷 Vietnamese · Argentina
1176
+13
🇨🇱 Dravidians · Chile
1175
+13
🇺🇸 Malay · United States
1167
+14
🇨🇦 Lithuanians · Canada
1165
+14
🇸🇪 Vietnamese · Sweden
1153
-15
🇸🇪 Varangians · Sweden
1121
-14
🇫🇮 Byzantines · Finland
1102
-13
🇸🇪 Franks · Sweden
1086
-12
S.enpaii
15:11 Feudal Age
19:25 Castle Age
17:11 Loom
17:57 Double-Bit Axe
18:40 Fishing Lines
20:17 Bloodlines
20:50 Forging
22:04 Gillnets
23:06 Wheelbarrow
23:11 Scale Barding Armor
24:33 Bow Saw
24:17 Gold Mining
25:03 Hand Cart
26:59 Iron Casting
26:45 Chain Barding Armor
27:14 Horse Collar
29:47 Fletching
31:24 Heavy Plow
35:48 Imperial Age
33:07 Town Watch
33:29 Padded Archer Armor
34:10 Town Patrol
36:06 Stone Mining
35:52 Cavalier
36:33 Husbandry
37:13 Plate Barding Armor
37:07 Conscription
38:17 Chemistry
43:59 Leather Archer Armor
45:55 Bombard Tower
45:47 Paladin
47:54 Ballistics
47:47 Masonry
47:33 Murder Holes
49:13 Two-Man Saw
48:48 Crop Rotation
49:42 Tower Shields
51:12 Elite Skirmisher
51:58 Thumb Ring
52:34 Imperial Skirmisher
56:53 Bodkin Arrow
57:28 Ring Archer Armor
57:23 Murder Holes
60:52 Light Cavalry
63:30 Bracer
Zangytangy
6:48 Loom
14:56 Feudal Age
23:40 Horse Collar
27:40 Castle Age
25:35 Double-Bit Axe
25:45 Gold Mining
27:33 Medium Warships
27:38 Husbandry
27:45 Fletching
28:02 Scale Barding Armor
28:08 Forging
30:25 Bow Saw
33:55 Bodkin Arrow
34:31 Crossbowman
35:31 Heavy Plow
37:39 Wheelbarrow
40:59 Imperial Age
38:45 Thumb Ring
41:07 Arbalester
41:23 Man-at-Arms
42:04 Squires
41:51 Arson
44:05 Conscription
46:12 Bracer
47:01 Long Swordsman
48:07 Forced Levy
48:40 Two-Handed Swordsman
56:21 Pikeman
57:21 Halberdier
57:27 Halberdier
DHOKO
6:51 Loom
14:18 Feudal Age
14:53 Town Watch
15:58 Fletching
21:43 Castle Age
22:39 Bodkin Arrow
30:04 Horse Collar
30:59 Double-Bit Axe
33:13 Padded Archer Armor
35:22 Heavy Plow
35:34 Bow Saw
39:05 Imperial Age
37:36 Chatras
38:48 Scale Barding Armor
38:54 Forging
39:25 Wheelbarrow
39:29 Bloodlines
39:56 Chain Barding Armor
41:23 Iron Casting
40:55 Husbandry
42:14 Plate Barding Armor
46:39 Ballistics
52:29 Elite Skirmisher
53:26 Bracer
53:42 Leather Archer Armor
53:57 Imperial Skirmisher
55:59 Chemistry
59:31 Ring Archer Armor
62:31 Light Cavalry
fat_dgk
10:07 Loom
13:05 Feudal Age
13:43 Double-Bit Axe
16:21 Fletching
25:12 Castle Age
25:56 Bodkin Arrow
26:28 Medium Warships
30:19 Horse Collar
32:52 Clinker Construction
33:38 Wheelbarrow
34:01 Town Watch
36:48 Squires
37:11 Hand Cart
36:45 Elite Skirmisher
40:41 Imperial Age
38:23 Padded Archer Armor
39:10 Ballistics
41:23 Leather Archer Armor
41:47 Thumb Ring
42:37 Conscription
44:10 Chemistry
43:03 Imperial Skirmisher
44:14 Ring Archer Armor
44:11 Bracer
45:41 Medical Corps
46:37 Elite Elephant Archer
49:04 Masonry
50:05 Bow Saw
50:04 Pikeman
50:45 Scale Mail Armor
50:56 Forging
50:20 Siege Elephant
52:21 Bombard Tower
53:09 Town Patrol
53:31 Scale Barding Armor
54:54 Halberdier
55:50 Chain Mail Armor
56:11 Iron Casting
57:53 Wootz Steel
62:46 Chain Barding Armor
63:26 Blast Furnace
63:03 Husbandry
64:14 Plate Mail Armor
Westbergen
16:28 Feudal Age
20:34 Castle Age
18:35 Double-Bit Axe
20:13 Fletching
21:40 Medium Warships
24:09 Wheelbarrow
30:07 Hand Cart
32:00 Bodkin Arrow
32:05 Padded Archer Armor
32:12 Scale Barding Armor
32:33 Bow Saw
33:13 Forging
37:33 Imperial Age
36:47 Iron Casting
38:06 Husbandry
38:44 Chain Barding Armor
40:59 Heavy Warships
40:55 Cavalier
42:31 Squires
41:52 Pikeman
42:18 Gambesons
42:19 Arson
43:44 Ballistics
44:25 Chemistry
44:06 Halberdier
45:48 Paladin
50:43 Plate Barding Armor
54:47 Light Cavalry
58:15 Caravan
OwlfromLarsmo
3:00 Loom
14:47 Feudal Age
15:24 Double-Bit Axe
15:32 Gold Mining
24:41 Castle Age
24:39 Horse Collar
26:14 Bow Saw
26:27 Medium Warships
27:31 Wheelbarrow
26:58 Fletching
28:52 Scale Barding Armor
30:52 Heavy Plow
34:11 Imperial Age
33:12 Chain Barding Armor
33:04 Forging
35:18 Scale Mail Armor
35:14 Bodkin Arrow
36:11 Gold Shaft Mining
35:28 Stone Mining
37:31 Pikeman
38:32 Squires
38:06 Elite Skirmisher
39:58 Ballistics
39:01 Imperial Skirmisher
39:54 Halberdier
41:47 Conscription
41:54 Chain Mail Armor
42:26 Iron Casting
43:27 Padded Archer Armor
43:30 Bracer
46:16 Hoardings
46:04 Leather Archer Armor
49:49 Plate Mail Armor
54:53 Thumb Ring
58:31 Elite Varangian Guard
Redlocke
13:14 Loom
15:22 Feudal Age
16:00 Double-Bit Axe
21:30 Castle Age
22:01 Town Watch
22:29 Bow Saw
23:04 Medium Warships
25:20 Wheelbarrow
27:03 Hand Cart
27:10 Fishing Lines
28:05 Fortified Wall
30:32 Imperial Age
28:35 Thumb Ring
28:23 Fletching
30:17 Padded Archer Armor
31:22 Bodkin Arrow
32:53 Leather Archer Armor
33:46 Bracer
34:57 Ring Archer Armor
34:50 Ballistics
35:25 Paper Money
35:10 Gold Mining
37:02 Chemistry
37:02 Elite Rattan Archer
37:48 Treadmill Crane
38:25 Town Patrol
38:31 Gillnets
38:50 Stone Mining
40:39 Crossbowman
42:27 Masonry
42:42 Arbalester
43:32 Siege Engineers
45:27 Bombard Tower
46:17 Hoardings
49:16 Murder Holes
51:53 Caravan
61:29 Elite Skirmisher
64:56 Scale Barding Armor
65:02 Forging
64:15 Light Cavalry
65:05 Bloodlines
64:57 Husbandry
Wavedash
6:30 Loom
15:00 Feudal Age
15:23 Man-at-Arms
15:48 Arson
22:10 Fletching
26:40 Bloodlines
29:10 Horse Collar
29:48 Double-Bit Axe
31:25 Scale Barding Armor
33:05 Forging
37:53 Castle Age
38:45 Wheelbarrow
38:45 Heavy Plow
38:48 Town Watch
39:15 Stone Mining
39:15 Gold Mining
40:05 Husbandry
42:16 Bow Saw
44:22 Iron Casting
46:26 Hand Cart
46:21 Gold Mining
47:26 Stone Shaft Mining
51:42 Imperial Age
49:08 Vendel Legacy
50:41 Chain Barding Armor
52:28 Town Patrol
52:30 Cavalier
54:20 Blast Furnace
56:28 Plate Barding Armor
Connection lost

Rejoining the realm…

Still unreachable

The connection could not be restored.

Session expired

The server has moved on; the page needs a fresh start.